 Dungeon Crawl Stone Soup version 0.29-a0-23-ga79f92ac9c (webtiles) character file.

Game seed: 16736637033832193704

73075 Nattfarinn the Black Belt (level 15, -55/112 HPs)
             Began as a Djinni Venom Mage on Jan 29, 2022.
             Was a Follower of Uskayaw.
             Annihilated by a boulder beetle (57 damage)
             ... on level 14 of the Dungeon on Jan 30, 2022.
             The game lasted 01:11:59 (36679 turns).

Nattfarinn the Black Belt (Djinni Venom Mage)      Turns: 36679, Time: 01:12:00

Health: -55/112    AC: 15    Str:  7    XL:     15   Next: 88%
Gold:   1525       EV: 10    Int: 25    God:    Uskayaw [*.....] SH:  0 Dex: 13

rFire   + . .      SeeInvis .     - Unarmed
rCold   . . .      Faith    +   (shield currently unavailable)
rNeg    . . .      Spirit   .   P - +2 swamp dragon scales
rPois   ∞          Reflect  .   F - +1 helmet
rElec   .          Harm     .   D - +0 cloak
rCorr   +          Rampage  .   (gloves currently unavailable)
Will    +....                   (boots unavailable)
Stlth   +.........              d - amulet of faith
HPRegen 0.28/turn               c - ring of ice
MPRegen 0.00/turn               j - ring of resist corrosion

@: about to teleport, blade hands (expiring), marked, flying
A: flying, sickness immunity, fire resistance 2, cold vulnerability 1, float,
innate caster, HP casting, extra vitality 1
a: End Transformation, Renounce Religion, Stomp


You were on level 14 of the Dungeon.
You worshipped Uskayaw.
Uskayaw was aware of your devotion.
You had blades for hands.
You visited 3 branches of the dungeon, and saw 21 of its levels.

You collected 1525 gold pieces.

Inventory:

Hand Weapons
 p - a +2 dagger of venom
 q - a +7 quick blade (melded)
Missiles
 k - 188 stones
 J - a throwing net
Armour
 g - the +3 hat of Pondering {ponderous, Will+ MP+10 Int+5}
   (You took it off Gastronok on level 10 of the Dungeon)

   Int:       It affects your intelligence (+5).
   MP:        It affects your magic capacity (+10).
   Will:      It increases your willpower.
 s - a +1 animal skin
 D - a +0 cloak (worn)
 F - a +1 helmet (worn)
 P - +2 swamp dragon scales (worn)
Jewellery
 c - a ring of ice (left blade hand)
 d - an amulet of faith (around neck)
 j - a ring of resist corrosion (right blade hand)
 t - a ring of wizardry
 x - a ring of willpower
 C - a ring of see invisible
Wands
 a - a wand of polymorph (6)
 v - a wand of flame (59)
 H - a wand of iceblast (17)
 I - a wand of mindburst (23)
 K - a wand of paralysis (9)
Scrolls
 h - 3 scrolls of immolation
 l - 5 scrolls of fear
 u - a scroll of silence
 w - 2 scrolls of vulnerability
 y - 10 scrolls of teleportation
 A - 5 scrolls of magic mapping
 E - 10 scrolls of identify
 L - 2 scrolls of blinking
 N - a scroll of holy word
 O - a scroll of enchant weapon
Potions
 b - 3 potions of berserk rage
 e - a potion of mutation {unknown}
 f - a potion of brilliance {unknown}
 i - 6 potions of heal wounds
 m - 7 potions of attraction
 n - 5 potions of curing
 o - a potion of invisibility {unknown}
 r - 2 potions of cancellation {unknown}
 z - 6 potions of might {unknown}
 B - a potion of ambrosia {unknown}
 G - 4 potions of flight
 M - a potion of haste {unknown}
 Q - a potion of degeneration {unknown}
 R - a potion of lignification {unknown}


   Skills:
 - Level 12.1 Fighting
 * Level 7.6 Armour
 - Level 2.4 Dodging
 - Level 1.8 Stealth
 - Level 16.1 Unarmed Combat
 - Level 12.1 Spellcasting
 - Level 10.6 Invocations


You had 3 spell levels left.
You knew the following spells:

 Your Spells              Type           Power      Damage    Failure   Level
a - Sting                 Tmut/Pois      100%       1d8       7%          1
b - Poisonous Vapours     Pois/Air       100%       N/A       8%          2
c - Mephitic Cloud        Conj/Pois/Air  66%        N/A       9%          3
d - Olgreb's Toxic Radia  Pois           66%        N/A       14%         4
e - Sandblast             Erth           100%       2d20      7%          1
f - Searing Ray           Conj           100%       2d8       8%          2
g - Ignite Poison         Fire/Tmut/Pois 66%        N/A       9%          3
h - Summon Guardian Gole  Hex/Summ       66%        N/A       9%          3
i - Alistair's Intoxicat  Tmut/Pois      44%        N/A       22%         5
j - Blade Hands           Tmut           33%        N/A       22%         5
k - Conjure Ball Lightni  Conj/Air       33%        3x3d11    50%         6
Your spell library was empty.

Dungeon Overview and Level Annotations

Branches:
Dungeon (14/15)            Temple (1/1) D:6            Lair (6/6) D:10
  Swamp (0/4) Lair:3        Snake (0/4) Lair:4        Slime (0/5) Lair:6
    Orc (0/2) D:10
 Vaults: D:13-14

Altars:
Fedhas
Hepliaklqana
Kikubaaqudgha
Okawaru
Qazlal
Trog
Uskayaw
Wu Jian
Xom
Yredelemnul
The Shining One

Shops:
D:13 (

Annotations:
D:5 exclusion: oklob plant
D:6 2 transporters, GordonOverkill's ghost, novice OgWr
D:14 2 transporters, Atuhevva's ghost, journeyman DEFE


Innate Abilities, Weirdness & Mutations

You have blades for hands.
You are flying.
Your spellcasting is less reliable in this form.
You are incapable of wielding weapons or throwing items.
You are immune to sickness and miasma.
You are immune to poison.
Your flesh is very heat resistant. (rF++)
You are vulnerable to cold. (rC-)
You float through the air rather than walking.
You learn spells naturally, not from books.
Your magical power is your life essence.
You have superior vitality. (+4 MHP)


Message History

Something hits you but does no damage. Something hits you.
* * * LOW HITPOINT WARNING * * *
Something hits you but does no damage.
The boulder beetle leaps!
Something hits you!
* * * LOW HITPOINT WARNING * * *
A slime creature comes into view.
Something hits you but does no damage.
Unknown command.
Unknown command.
You feel much better. Something hits you but does no damage.
Something hits you.
* * * LOW HITPOINT WARNING * * *
Something hits you but does no damage. x2; Something hits you!
* * * LOW HITPOINT WARNING * * *
Something hits you but does no damage.
Unknown command.
You feel much better. Something hits you.
Something hits you but does no damage.
A bat comes into view.
Something hits you but does no damage. Something hits you!
* * * LOW HITPOINT WARNING * * *
The boulder beetle curls into a ball and begins rolling!
Something hits you but does no damage.
An efreet comes into view.
It is wielding a +1 scimitar of flaming.
The meliai simulacrum hits you but does no damage. x2
The wraith hits you but does no damage. Something hits you but does no damage.
A bat comes into view.
You slice the wraith!! Your slash misses the wraith.
The wraith is almost destroyed.
Something completely misses you. Something hits you but does no damage.
The meliai simulacrum barely misses you.
The meliai simulacrum hits you.
* * * LOW HITPOINT WARNING * * *
The meliai simulacrum freezes you!!
* * * LOW HITPOINT WARNING * * *
Something hits you.
* * * LOW HITPOINT WARNING * * *
Something hits you but does no damage. The boulder beetle hits you!!!
Ouch! That really hurt!
You die...

#######B.....
........$..#
###.#..####.#
..###...........##
#.#.
.......#######...#
#.#.# ..##$..#
#...## .$...
..O....# #.○..## #
[..$. .#J#...#
#.BW..# ####.#..(..
.l.##J.# #..@..#
##.#^#..?..( .. ##.#
#...Z.###†#.#.#...(.
. #h#
#.....##.#.....#.#
#.#
#.J...###....$..#
#.#
#b....##.#..$..#.#
#b..$.###..(....##
R....###.#.....#.#
.○...###.#.#.#.#.##
#..#.#.#.#.##


You could see a boulder beetle (rolling), a slime creature, an efreet, a wraith,
a meliai simulacrum and 2 bats.

Vanquished Creatures
  Gastronok (D:10)
  Josephine (D:11)
  5 hydras
  A catoblepas (Lair:6)
  2 boulder beetles (Lair:5)
  An anaconda (Lair:6)
  4 two-headed ogres
  A death knight (D:13)
  Erica (D:9)
  A death yak (Lair:4)
  Urug (D:13)
  Sonja (Lair:5)
  8 hell knights (D:12)
  A fire crab (Lair:5)
  A lindwurm (Lair:5)
  A phantasmal warrior (D:13)
  3 manticores
  An ugly thing (D:12)
  An oklob plant (Lair:6)
  20 elephants
  6 black mambas
  An ice statue (Lair:4)
  2 torpor snails (Lair:5)
  11 cane toads
  Psyche (D:8)
  Maggie (D:10)
  2 rime drakes (Lair:4)
  2 unseen horrors (D:14)
  3 freezing wraiths
  8 komodo dragons
  An ice devil (Lair:4)
  5 trolls
  14 polar bears
  A hornet (D:10)
  18 blink frogs
  A raiju (Lair:6)
  2 dream sheep (Lair:5)
  41 yaks
  6 wyverns
  A shadow (D:13)
  A vampire (D:13)
  3 wraiths
  6 basilisks
  Grum (Lair:1)
  2 steam dragons
  2 vampire mosquitoes (D:12)
  7 wargs
  21 hell hounds
  21 water moccasins
  2 acid dragons
  11 orc warriors
  13 black bears
  A necrophage (D:7)
  2 sky beasts
  2 ice beasts (D:6)
  2 ogres (D:6)
  6 centaurs
  35 wolves
  2 kobold brigands
  3 gnoll sergeants
  2 scorpions
  18 bullfrogs
  An elephant simulacrum (Lair:4)
  4 killer bees (D:9)
  3 wights (D:8)
  2 howler monkeys (D:5)
  An electric eel (Lair:4)
  A bullfrog zombie (D:3)
  A quasit (D:6)
  2 jellies
  12 orc priests
  3 bullfrog skeletons (D:6)
  A gnoll shaman (D:8)
  7 hounds
  3 iguanas
  12 orc wizards
  12 hell rats
  A killer bee zombie (D:8)
  2 howler monkey zombies
  28 gnolls
  A howler monkey skeleton (D:5)
  8 adders
  A shadow imp (D:8)
  4 white imps
  2 ufetubi
  A worm (D:3)
  2 dart slugs (D:1)
  52 orcs
  6 endoplasms
  4 giant cockroaches
  8 goblins
  6 hobgoblins
  20 kobolds
  3 quokkas
  3 ball pythons
  9 bats
  4 frilled lizards
  3 goblin skeletons (D:6)
  A hobgoblin zombie (D:6)
  A kobold zombie (D:6)
  An orc skeleton (D:6)
  2 orc zombies (D:6)
  7 rats
591 creatures vanquished.

Vanquished Creatures (others)
  2 hydras
  A skeletal warrior (D:13)
  3 black mambas
  2 wraiths (D:11)
  2 water moccasins
  A bullfrog (Lair:4)
  A naga simulacrum (Lair:4)
  48 ball lightnings
  A bush (Lair:6)
  90 fungi
  110 plants
  4 toadstools (D:1)
265 creatures vanquished.

Grand Total: 856 creatures vanquished

Notes
Turn   | Place    | Note
-------+----------+-------------------------------------------
     0 | D:1      | Nattfarinn the Djinni Venom Mage began the quest for the
                  | Orb.
     0 | D:1      | Reached XP level 1. HP: 15/15 MP: 0/0
   251 | D:1      | Reached XP level 2. HP: 16/21 MP: 0/0
   847 | D:1      | Reached skill level 1 in Fighting
  1206 | D:1      | Reached XP level 3. HP: 26/27 MP: 0/0
  1206 | D:1      | Learned a level 1 spell: Sandblast
  1779 | D:2      | Found a faded altar of an unknown god.
  2154 | D:2      | Reached XP level 4. HP: 32/33 MP: 0/0
  3842 | D:3      | Reached XP level 5. HP: 35/40 MP: 0/0
  3842 | D:3      | Learned a level 2 spell: Searing Ray
  4850 | D:4      | Noticed a black bear
  4911 | D:4      | Killed a black bear
  4912 | D:4      | Reached XP level 6. HP: 27/47 MP: 0/0
  5253 | D:4      | Found a faded altar of an unknown god.
  5254 | D:4      | Noticed an orc warrior
  5274 | D:4      | Killed an orc warrior
  5275 | D:4      | Reached skill level 5 in Fighting
  5275 | D:4      | Reached XP level 7. HP: 39/54 MP: 0/0
  5275 | D:4      | Learned a level 3 spell: Ignite Poison
  5365 | D:4      | Found a hazy altar of Hepliaklqana.
  5692 | D:4      | Found a basalt altar of Yredelemnul.
  6052 | D:5      | Entered Level 5 of the Dungeon
  6059 | D:5      | Reached XP level 8. HP: 32/62 MP: 0/0
  6733 | D:5      | Found a stormy altar of Qazlal.
  7020 | D:5      | Found a blossoming altar of Fedhas.
  7036 | D:5      | Noticed an oklob plant
  7471 | D:6      | Reached skill level 5 in Spellcasting
  7669 | D:6      | Reached XP level 9. HP: 17/71 MP: 0/0
  7669 | D:6      | Learned a level 3 spell: Summon Guardian Golem
  7732 | D:6      | Noticed a red ugly thing
  8152 | D:6      | Found a transporter.
  8160 | D:6      | Found a transporter.
  8315 | D:6      | Noticed GordonOverkill's ghost (novice OgWr)
  8567 | D:6      | Identified a scroll of acquirement
  8586 | D:6      | Acquired a +3 quick blade
  9034 | D:6      | Found a staircase to the Ecumenical Temple.
  9115 | Temple   | Entered the Ecumenical Temple
  9129 | Temple   | Became a worshipper of Uskayaw the Reveller
  9368 | D:6      | Found a glowing golden altar of the Shining One.
  9373 | D:6      | Reached * piety under Uskayaw
  9386 | D:6      | Reached ** piety under Uskayaw
  9710 | D:7      | Reached skill level 10 in Fighting
 10188 | D:7      | Reached *** piety under Uskayaw
 10189 | D:7      | Reached XP level 10. HP: 70/81 MP: 0/0
 11308 | D:8      | Noticed Psyche
 11311 | D:8      | Killed Psyche
 11420 | D:8      | Reached **** piety under Uskayaw
 11424 | D:8      | Reached ***** piety under Uskayaw
 12283 | D:9      | Noticed a two-headed ogre
 12286 | D:9      | Killed a two-headed ogre
 12513 | D:9      | Noticed Erica
 12518 | D:9      | Killed Erica
 12765 | D:9      | Reached XP level 11. HP: 72/89 MP: 0/0
 12765 | D:9      | Learned a level 5 spell: Alistair's Intoxication
 13261 | D:9      | Found an iron altar of Okawaru.
 13266 | D:9      | Acquired a manual of Spellcasting
 13300 | D:10     | Entered Level 10 of the Dungeon
 13666 | D:10     | Noticed Gastronok
 13675 | D:10     | Killed Gastronok
 13898 | D:10     | Found a staircase to the Lair.
 13955 | D:10     | Noticed a two-headed ogre
 13961 | D:10     | Killed a two-headed ogre
 14546 | D:10     | Noticed Maggie
 14548 | D:10     | Killed Maggie
 14549 | D:10     | Reached skill level 10 in Invocations
 14634 | D:10     | Reached XP level 12. HP: 59/95 MP: 0/0
 14640 | D:10     | Reached ****** piety under Uskayaw
 14845 | D:10     | Found a staircase to the Orcish Mines.
 15291 | D:11     | Noticed a six-headed hydra
 15302 | D:11     | Killed a six-headed hydra
 15307 | D:11     | Noticed a two-headed ogre
 15310 | D:11     | Killed a two-headed ogre
 15774 | D:11     | Noticed Josephine
 15777 | D:11     | Killed Josephine
 15778 | D:11     | Reached skill level 10 in Spellcasting
 16287 | D:12     | Noticed a two-headed ogre
 16289 | D:12     | Killed a two-headed ogre
 16447 | Lair:1   | Entered Level 1 of the Lair of Beasts
 16978 | Lair:1   | Noticed Grum
 16982 | Lair:1   | Killed Grum
 17287 | Lair:1   | Noticed a seven-headed hydra
 17297 | Lair:1   | Killed a seven-headed hydra
 17298 | Lair:1   | Reached XP level 13. HP: 100/101 MP: 0/0
 17298 | Lair:1   | Learned a level 5 spell: Blade Hands
 17467 | Lair:1   | Reached skill level 1 in Unarmed Combat
 17910 | Lair:2   | Reached skill level 2 in Unarmed Combat
 17947 | Lair:2   | Reached skill level 3 in Unarmed Combat
 17952 | Lair:2   | Reached skill level 4 in Unarmed Combat
 18217 | Lair:2   | Noticed a seven-headed hydra
 18219 | Lair:2   | Reached skill level 5 in Unarmed Combat
 18228 | Lair:2   | Killed a seven-headed hydra
 18441 | Lair:2   | Reached skill level 6 in Unarmed Combat
 18716 | Lair:2   | Noticed a seven-headed hydra
 18724 | Lair:2   | Killed a seven-headed hydra
 18948 | Lair:2   | Reached skill level 7 in Unarmed Combat
 19401 | Lair:3   | Found a staircase to the Swamp.
 19549 | Lair:3   | Reached skill level 8 in Unarmed Combat
 19688 | Lair:3   | Reached skill level 9 in Unarmed Combat
 20218 | Lair:3   | Noticed a five-headed hydra
 20727 | Lair:3   | Killed a five-headed hydra
 20979 | Lair:4   | Found a staircase to the Snake Pit.
 21096 | Lair:4   | Reached skill level 10 in Unarmed Combat
 21636 | Lair:4   | Reached XP level 14. HP: 74/107 MP: 0/0
 22066 | Lair:4   | Reached skill level 11 in Unarmed Combat
 24067 | Lair:5   | Reached skill level 12 in Unarmed Combat
 24686 | Lair:5   | Noticed Sonja
 24689 | Lair:5   | Killed Sonja
 24941 | Lair:5   | Reached skill level 13 in Unarmed Combat
 25925 | Lair:5   | Reached skill level 14 in Unarmed Combat
 26830 | Lair:6   | Entered Level 6 of the Lair of Beasts
 27546 | Lair:6   | Reached XP level 15. HP: 56/112 MP: 0/0
 27546 | Lair:6   | Learned a level 6 spell: Conjure Ball Lightning
 27553 | Lair:6   | Reached skill level 15 in Unarmed Combat
 29230 | Lair:6   | Reached skill level 16 in Unarmed Combat
 29644 | Lair:6   | Identified the +1 leather armour of Youthful Indiscretion
                  | {Harm rN+}
 29719 | Lair:6   | Reached skill level 1 in Armour
 30244 | Lair:6   | Found a staircase to the Slime Pits.
 32549 | D:12     | Reached skill level 5 in Armour
 35149 | D:13     | Noticed Urug
 35155 | D:13     | Killed Urug
 35751 | D:13     | Found Liuntigh's Weapon Emporium.
 36539 | D:14     | Found a transporter.
 36539 | D:14     | Noticed Atuhevva's ghost (journeyman DEFE)
 36542 | D:14     | Found a bloodstained altar of Trog.
 36558 | D:14     | Noticed an orc warlord
 36562 | D:14     | Found a transporter.
 36679 | D:14     | HP: 2/112 [something (5)]
 36679 | D:14     | Annihilated by a boulder beetle

Illustrated notes

Levels and vault maps discovered:
D:1:      dpeg_arrival_tiny_k, layout_loops_corners, hex_large,
          minmay_gold_behind_fungi, hangedman_feature_mirror
D:2:      layout_rooms, serial_aquarium, aquarium_bridge_square
          [aquarium_subvault_bridge, aquarium_subvault_bridge,
          aquarium_subvault_wall, aquarium_subvault_window],
          aquarium_bridge_square [aquarium_subvault_window,
          aquarium_subvault_wall, aquarium_subvault_bridge,
          aquarium_subvault_bridge], aquarium_window_2, aquarium_window_corner,
          aquarium_window_2, aquarium_window_1, aquarium_view_2d,
          aquarium_view_2f, hellmonk_ecumenical_altar_prayer_group
D:3:      layout_loops_corners, chequers_serial_rivers_large_b
D:4:      layout_loops_ring, overflow_temple_1_default,
          beargit_hepliaklqana_dungeon_heroes, lemuel_crystal_altar
D:5:      layout_cave_pods, tgw_fedhas, grunt_qazlal_clouds,
          minmay_misc_feat_four_crosses
D:6:      layout_rooms, nicolae_tso_besieged_by_evil, temple_hall,
          gammafunk_ghost_abyssal_escape
D:7:      layout_basic
D:8:      layout_basic, uniq_psyche
D:9:      layout_loops_ring, lemuel_coloured_pillars_altar, serial_glass,
          glass_columns_a, glass_columns_b, glass_columns_a, glass_columns_c,
          glass_columns_c, glass_columns_a, glass_columns_c, glass_columns_a,
          glass_columns_b, glass_columns_b, uniq_erica
D:10:     layout_irregular_city, due_lair_maze_entry_diamond, david_orc_4,
          uniq_gastronok, uniq_maggie
D:11:     layout_long_grid, uniq_josephine
D:12:     minmay_spotlight, layout_long_grid, minmay_rotating_lava
D:13:     layout_long_grid, serial_shops, shop, uniq_urug
D:14:     layout_loops_ring, erik_vaults_2, gammafunk_ghost_wrathful_warriors,
          chequers_jeans, hangedman_batty
Temple:   regret_index_temple_waves
Lair:1:   layout_loops_ring, uniq_grum
Lair:2:   layout_regular_city
Lair:3:   beast_lair_carwin_large_4, layout_hall_layers,
          minmay_swamp_entry_reptiles, infiniplex_staircase_pool_2
Lair:4:   dreamdust_isle_of_ice, layout_regular_city, dummy_snake_entry,
          serial_bayou_shore_b, serial_bayou_shore_a, serial_bayou_shore_b
Lair:5:   nzn_winding_woodlands_stair_trap [nzn_winding_woodlands_5x15_pool,
          nzn_winding_woodlands_5x15_longhouse,
          nzn_winding_woodlands_5x15_sawtooth,
          nzn_winding_woodlands_15x15_killbox,
          nzn_winding_woodlands_5x15_split_checker,
          nzn_winding_woodlands_5x15_lazy_stream,
          nzn_winding_woodlands_5x15_cabin], layout_loops_ring, uniq_sonja
Lair:6:   hangedman_lair_caniforms_friends, layout_regular_city,
          minmay_slime_entry_oklob_enclosed

Skill      XL: |  1  2  3  4  5  6  7  8  9 10 11 12 13 14 15 |
---------------+----------------------------------------------+-----
Fighting       | 1 2 3 4 5 6 8 10 12 | 12.1
Spellcasting   | 3 4 5 6 7 12 | 12.1
Invocations    | 3 10 | 10.6
Unarmed Combat | 10 14 16 | 16.1
Armour         | 7 |  7.6
Dodging        | |  2.4
Stealth        | |  1.8

Action                   |  1- 3 |  4- 6 |  7- 9 | 10-12 | 13-15 || total
-------------------------+-------+-------+-------+-------+-------++-------
Melee: Dagger            |       |       |    33 |       |       ||    33
       Punch             |       |       |     1 |     2 |    25 ||    28
       Quick blade       |       |       |    27 |    78 |   114 ||   219
       Unarmed           |       |       |       |       |   126 ||   126
 Cast: Sting             |    74 |    96 |    22 |     3 |     1 ||   196
       Sandblast         |       |    11 |    47 |    28 |   101 ||   187
       Mephitic Cloud    |       |     6 |       |       |       ||     6
       Poisonous Vapours |       |     5 |    23 |    86 |   196 ||   310
       Ignite Poison     |       |       |    26 |    58 |   118 ||   202
       Olgreb's Toxic Ra |       |       |    15 |    30 |    51 ||    96
       Alistair's Intoxi |       |       |       |     2 |       ||     2
       Summon Guardian G |       |       |       |     7 |    23 ||    30
       Searing Ray       |       |       |       |     2 |     9 ||    11
       Blade Hands       |       |       |       |       |    26 ||    26
       Conjure Ball Ligh |       |       |       |       |    18 ||    18
Invok: Grand Finale      |       |       |       |     1 |       ||     1
  Use: Potion            |       |     2 |       |       |     3 ||     5
       Scroll            |       |     1 |     4 |    13 |     8 ||    26
 Stab: Paralysed         |       |       |       |    11 |    20 ||    31
       Distracted        |       |       |       |     1 |       ||     1
       Sleeping          |       |       |       |       |     2 ||     2
Armor: Robe              |     1 |     7 |    10 |    19 |       ||    37
       Animal skin       |       |       |       |       |    62 ||    62
       Swamp dragon scal |       |       |       |       |    57 ||    57
Dodge: Dodged            |    22 |    42 |    61 |    50 |   142 ||   317

Table legend: (Time is in decaauts)
 A = Elapsed time spent in this place.
 B = Non-inter-level travel time spent in this place.
 C = Inter-level travel time spent in this place.
 D = Time resting spent in this place.
 E = Time spent auto-exploring this place.
 F = Levels seen in this place.
 G = Mean time per level.
                   A        B        C        D        E       F      G
               +--------+--------+--------+--------+--------+-----+--------+
         Total |  36734 |  35052 |   1682 |   7825 |  23669 |  21 | 1749.2 |
       Dungeon |  21814 |  21099 |    715 |   4244 |  14703 |  14 | 1558.1 |
        Temple |     27 |     14 |     13 |      0 |      9 |   1 |   27.0 |
          Lair |  14891 |  13938 |    953 |   3581 |   8956 |   6 | 2481.8 |
               +--------+--------+--------+--------+--------+-----+--------+

Top non-repeatable levels by time:
  Lair:6: 3999 daAuts
    D:12: 3313 daAuts
  Lair:5: 3185 daAuts
  Lair:4: 2575 daAuts
  Lair:3: 2115 daAuts
    D:10: 1946 daAuts
     D:6: 1885 daAuts
    D:13: 1830 daAuts
     D:1: 1721 daAuts
     D:4: 1570 daAuts
     D:5: 1544 daAuts
     D:3: 1518 daAuts
  Lair:2: 1514 daAuts
  Lair:1: 1500 daAuts
     D:2: 1373 daAuts
